 Seeded DCSS version 0.30-a0-377-g5cb311bc9f (webtiles) character file.

Game seed: 16745848877469712179 (custom seed)

1622 purpskrrrp the Unseen (level 8, -5/44 HPs)
             Began as a Vampire Brigand on Nov 28, 2022.
             Was an Initiate of Wu Jian.
             Slain by a gnoll sergeant
             ... wielding a +2 vampiric trident
              (12 damage)
             ... on level 6 of the Dungeon.
             The game lasted 00:17:15 (6453 turns).

purpskrrrp the Unseen (Vampire Brigand)             Turns: 6453, Time: 00:17:15

Health: -5/44      AC:  6    Str: 13 (16) XL:     8   Next: 65%
Magic:  17/17      EV: 12    Int: 16 (19) God:    Wu Jian [......]
Gold:   389        SH:  0    Dex: 14 (18) Spells: 7/7 levels left

rFire   . . .      SeeInvis +    m - +12 dagger of Uqoemi Hobby {protect, MP+9}
rCold   + + .      Faith    .    (no shield)
rNeg    + + +      Spirit   .    b - +0 robe
rPois   ∞          Reflect  .    B - +0 helmet
rElec   .          Harm     .    p - +0 cloak "Ocyjic" {Rampage rN+ Int+6}
rCorr   .          Rampage  +    (no gloves)
Will    +....                    u - +1 pair of boots
Stlth   +++++++++.               (no amulet)
HPRegen 0.00/turn                y - ring of willpower
MPRegen 0.15/turn                A - +6 ring of strength

@: bloodless, inhibited regen
A: bloodless, fangs 3, see invisible, vampiric 2
a: Bat Form, Revivify, Renounce Religion


You were on level 6 of the Dungeon.
You worshipped Wu Jian.
Wu Jian was noncommittal.
You visited 2 branches of the dungeon, and saw 7 of its levels.

You collected 389 gold pieces.

Inventory:

Hand Weapons
 a - a +2 vampiric dagger
 m - the +12 dagger of Uqoemi Hobby (weapon) {protect, MP+9}
   (You took it off a kobold on level 2 of the Dungeon)

   It grants its wielder temporary protection when it strikes (+7 to AC).
   MP:        It affects your magic capacity (+9).
 t - a +4 quarterstaff of chaos
Missiles
 d - 18 poisoned darts
 f - 5 atropa-tipped darts
 s - 4 curare-tipped darts
Armour
 b - a +0 robe (worn)
 c - a +0 cloak
 l - a +1 cloak
 p - the +0 cloak "Ocyjic" (worn) {Rampage rN+ Int+6}
   (You found it on level 3 of the Dungeon)

   Int:       It affects your intelligence (+6).
   rN:        It protects you from negative energy.
   Rampage:   It bestows one free step when moving towards enemies.
 u - a +1 pair of boots (worn)
 B - a +0 helmet (worn)
Jewellery
 e - a ring of magical power
 y - a ring of willpower (left hand)
 A - a +6 ring of strength (right hand)
Wands
 o - a wand of charming (4)
Scrolls
 g - a scroll of noise
 v - 2 scrolls of amnesia
Potions
 h - 3 potions of lignification
 i - 3 potions of degeneration {unknown}
 k - 2 potions of attraction {unknown}
 n - a potion of mutation {unknown}
 q - a potion of might {unknown}
 r - 2 potions of flight
 w - a potion of curing
 x - a potion of brilliance {unknown}
 z - 3 potions of haste {unknown}


   Skills:
 - Level 1.7 Fighting
 - Level 2.1 Short Blades
 - Level 1.5 Throwing
 - Level 1.1 Dodging
 + Level 17.4 Stealth


You had 7 spell levels left.
You didn't know any spells.
Your spell library contained the following spells:

 Spells                   Type           Power      Damage    Failure   Level
 Hailstorm                Conj/Ice       0%         3d3       58%         3
 Animate Dead             Necr           0%         N/A       94%         4
 Ice Form                 Ice/Tmut       0%         N/A       94%         4
 Borgnjor's Vile Clutch   Necr/Erth      0%         N/A       100%        5
 Death Channel            Necr           0%         N/A       100%        6
 Simulacrum               Ice/Necr       0%         N/A       100%        6


Dungeon Overview and Level Annotations

Branches:
Dungeon (6/15)             Temple (1/1) D:5

Altars:
Ashenzari
Cheibriados
Fedhas
Hepliaklqana
Kikubaaqudgha
Makhleb
Nemelex Xobeh
Okawaru
Qazlal
Ru
Sif Muna
Trog
Vehumet
Wu Jian
Yredelemnul

Annotations:
D:6 Dowan


Innate Abilities, Weirdness & Mutations

You do not regenerate when monsters are visible.
You are frail without blood (-20% HP).
You can heal yourself when you bite living creatures.
You are immune to poison.
You have razor-sharp teeth.
You have supernaturally acute eyesight. (SInv)
You are afflicted with vampirism and can become a bat while bloodless.


Message History

You are too injured to fight recklessly!
You are too injured to fight recklessly!
You are too injured to fight recklessly!
You are too injured to fight recklessly!
You are too injured to fight recklessly!
As you read the scroll of butterflies, it crumbles to dust.
You hear the tinkle of a tiny bell.
The ogre misses your butterfly. The orc barely misses you.
As you read the scroll of teleportation, it crumbles to dust.
You feel strangely unstable. The orc hits you but does no damage.
The ogre barely misses your butterfly.
You hit the orc.
The orc is heavily wounded.
The orc hits you but does no damage.
You puncture the orc!
You kill the orc!
The Council accepts your kill.
You swap places.
Something misses your butterfly.
You swap places.
You swap places.
Your surroundings suddenly seem different.
You puncture the gnoll!
The gnoll is severely wounded.
The gnoll hits you with a +3 spear!
* * * LOW HITPOINT WARNING * * *
You puncture the gnoll!
You kill the gnoll!
The Council accepts your kill.
You start resting.
A gnoll is nearby!
Things that are here:
a +3 spear; a gnoll corpse The gnoll sergeant shouts!
The gnoll sergeant hits you with a +2 vampiric trident.
* * * LOW HITPOINT WARNING * * *
Okay, then.
Okay, then.
There is a stone staircase leading up here.
The gnoll sergeant hits you from afar with a +2 vampiric trident!
You die...

.# ##..# ## . #.# #...# #
##.## #..## ## # ##...#
#..# #. #. #....# #..#####.
#.##....####........ ..
#............###.##. #....
#...###.g.......#. .....
#@.g....#######.)) #...#
#.......# #.#. ..#
##.#....# #.#. #.# #.##.###
#.#. #.# #.##.#$.^ +.#.
#.#############.##.#####
#.#.
###............##.##...#^^^
#.#.
....##########.##.####$# #c
#.#. .####
........##......#######.#.


You could see a gnoll sergeant and a gnoll.

Vanquished Creatures
  A water moccasin (D:6)
  Duvessa (D:6)
  An ice beast (D:6)
  3 black bears
  A centaur (D:6)
  A phantom (D:5)
  3 scorpions
  2 necrophages
  Crazy Yiuf (D:2)
  2 hounds
  2 orc priests
  7 iguanas
  8 adders
  6 gnolls
  An ufetubus (D:6)
  6 worms
  5 dart slugs
  11 orcs
  5 endoplasms
  2 giant cockroaches
  10 hobgoblins
  6 jackals
  8 kobolds
  3 quokkas (D:3)
  4 ball pythons
  5 bats
  17 frilled lizards
  5 goblins
  2 rats (D:1)
129 creatures vanquished.

Vanquished Creatures (others)
  A fungus (D:2)
  13 plants
14 creatures vanquished.

Grand Total: 143 creatures vanquished

Notes
Turn   | Place    | Note
-------+----------+-------------------------------------------
     0 | D:1      | purpskrrrp the Vampire Brigand began the quest for the Orb.
     0 | D:1      | Reached XP level 1. HP: 16/16 MP: 1/1
    18 | D:1      | Reached skill level 6 in Stealth
   600 | D:1      | Reached XP level 2. HP: 22/22 MP: 2/2
   901 | D:2      | Reached skill level 7 in Stealth
  1228 | D:2      | Gained mutation: You are afflicted with vampirism and can
                  | become a bat while bloodless. [Vampire growth]
  1228 | D:2      | Reached XP level 3. HP: 7/21 MP: 3/3
  1569 | D:2      | Identified the +12 dagger of Uqoemi Hobby {protect, MP+9}
  1794 | D:2      | Reached skill level 8 in Stealth
  1906 | D:2      | Reached XP level 4. HP: 26/26 MP: 4/4
  2216 | D:2      | Found a runed translucent door.
  2217 | D:2      | Noticed Crazy Yiuf
  2229 | D:2      | Killed Crazy Yiuf
  2230 | D:2      | Reached skill level 9 in Stealth
  2545 | D:3      | Identified the +0 cloak "Ocyjic" {Rampage rN+ Int+6}
  2686 | D:3      | Reached XP level 5. HP: 30/30 MP: 5/5
  2813 | D:3      | Reached skill level 10 in Stealth
  2950 | D:4      | Reached skill level 11 in Stealth
  2958 | D:4      | Reached XP level 6. HP: 35/35 MP: 6/6
  3216 | D:4      | Reached skill level 12 in Stealth
  3301 | D:4      | Reached XP level 7. HP: 39/39 MP: 7/7
  3708 | D:5      | Entered Level 5 of the Dungeon
  3708 | D:5      | Found a staircase to the Ecumenical Temple.
  3760 | D:5      | Reached skill level 13 in Stealth
  3774 | D:5      | HP: 1/39 [orc/+0 short sword (3)]
  3802 | Temple   | Entered the Ecumenical Temple
  4629 | D:5      | Reached skill level 14 in Stealth
  4738 | Temple   | Became a worshipper of the Wu Jian Council
  4935 | D:5      | Reached skill level 15 in Stealth
  4935 | D:5      | Reached XP level 8. HP: 38/38 MP: 8/8
  5559 | D:6      | Noticed Dowan
  5561 | D:6      | Noticed Duvessa
  5564 | D:6      | Killed Duvessa
  5570 | D:6      | HP: 1/38 [Dowan/+0 dagger (2)]
  5870 | D:6      | Reached skill level 16 in Stealth
  6005 | D:6      | Found an iron altar of Okawaru.
  6191 | D:6      | Reached skill level 17 in Stealth
  6453 | D:6      | Slain by a gnoll sergeant

Illustrated notes

Levels and vault maps discovered:
D:1:      wander_arrival_chamber, layout_basic
D:2:      minmay_kobold_bridge, layout_loops_ring, basic_altar,
          minmay_lizard_king, uniq_crazy_yiuf_cottage
D:3:      layout_rooms
D:4:      layout_basic, corexii_shack
D:5:      layout_basic, minmay_temple_entry_gardened_gates, nrook_pool_corridor
D:6:      cheibrodos_barr_body, layout_loops_ring, kennysheep_little_box,
          portal_sewer_entry_e, kennysheep_nondescript, grunt_tough_drop,
          uniq_duvessa
Temple:   nicolae_temple_no_exploring_needed

Skill      XL: |  1  2  3  4  5  6  7  8 |
---------------+-------------------------+-----
Stealth        | 6 7 8 9 11 12 15 17 | 17.4
Fighting       | |  1.7
Short Blades   | |  2.1
Throwing       | |  1.5
Dodging        | |  1.1

Action                   |  1- 3 |  4- 6 |  7- 9 || total
-------------------------+-------+-------+-------++-------
Melee: Dagger            |   100 |    89 |    92 ||   281
       Bite              |     6 |     3 |     4 ||    13
       Punch             |     1 |       |     2 ||     3
       Unarmed           |       |       |     1 ||     1
Throw: Dart              |     9 |     5 |    15 ||    29
 Abil: Exsanguinate      |     1 |       |     1 ||     2
       Bat Form          |       |       |     3 ||     3
       Revivify          |       |       |     1 ||     1
       End Transformatio |       |       |     2 ||     2
  Use: Potion            |     1 |       |     1 ||     2
       Scroll            |       |     6 |     9 ||    15
 Stab: Sleeping          |    11 |    35 |    11 ||    57
Armor: Robe              |    17 |    23 |    41 ||    81
Dodge: Dodged            |    52 |    41 |    48 ||   141

Table legend: (Time is in decaauts)
 A = Elapsed time spent in this place.
 B = Non-inter-level travel time spent in this place.
 C = Inter-level travel time spent in this place.
 D = Time resting spent in this place.
 E = Time spent auto-exploring this place.
 F = Levels seen in this place.
 G = Mean time per level.
                   A        B        C        D        E       F      G
               +--------+--------+--------+--------+--------+-----+--------+
         Total |   6383 |   5967 |    416 |   1432 |   3223 |   7 |  911.9 |
       Dungeon |   5825 |   5409 |    416 |    934 |   3223 |   6 |  970.8 |
        Temple |    558 |    558 |      0 |    498 |      0 |   1 |  558.0 |
               +--------+--------+--------+--------+--------+-----+--------+

Top non-repeatable levels by time:
     D:2: 1478 daAuts
     D:5: 1444 daAuts
     D:1: 879 daAuts
     D:4: 842 daAuts
     D:6: 695 daAuts
  Temple: 558 daAuts
     D:3: 485 daAuts
